 Dungeon Crawl Stone Soup version 0.28-a0-1412-gf95308ed99 (webtiles) character file.

Game seed: 16387021999505390284

200 HallandMoats the Skirmisher (level 5, 0/46 HPs)
             Began as a Ghoul Fighter on Jan 6, 2022.
             Was a Believer of Vehumet.
             Slain by a hobgoblin (4 damage)
             ... on level 4 of the Dungeon.
             The game lasted 00:03:20 (2598 turns).

HallandMoats the Skirmisher (Ghoul Fighter)         Turns: 2598, Time: 00:03:21

Health: 0/46       AC:  6    Str: 20    XL:     5   Next: 78%
Magic:  5/5        EV:  9    Int:  9    God:    Vehumet [**....]
Gold:   99         SH:  0    Dex: 10    Spells: 4/4 levels left

rFire   . . .      SeeInvis .   b - +2 whip (venom)
rCold   + . .      Faith    .   c - +0 buckler
rNeg    + + +      Spirit   .   k - +0 scale mail
rPois   ∞          Reflect  .   (no helmet)
rElec   .          Harm     .   (no cloak)
rCorr   .          Rampage  .   (no gloves)
Will    .....                   (no boots)
Stlth   ..........              (no amulet)
HPRegen 0.00/turn               g - +4 ring of slaying
MPRegen 0.09/turn               i - +6 ring of intelligence

@: confused, about to teleport, ambrosia-drunk, inhibited regen
A: claws 1, cold resistance 1, negative energy resistance 3, inhibited
regeneration, torment resistance 2
a: Renounce Religion


You were on level 4 of the Dungeon.
You worshipped Vehumet.
Vehumet was pleased with you.
You visited 1 branch of the dungeon, and saw 4 of its levels.

You collected 99 gold pieces.

Inventory:

Hand Weapons
 a - a +0 trident
 b - a +2 whip of venom (weapon)
Armour
 c - a +0 buckler (worn)
 k - a +0 scale mail (worn)
Jewellery
 g - a +4 ring of slaying (left claw)
 i - a +6 ring of intelligence (right claw)
Potions
 f - 2 potions of ambrosia
 m - a potion of curing


   Skills:
 + Level 4.0 Fighting
 + Level 2.6 Polearms
 + Level 3.1 Armour
 + Level 1.4 Dodging
 * Level 3.8 Shields
 + Level 1.6 Invocations


You had 4 spell levels left.
You didn't know any spells.
Your spell library contained the following spells:

 Spells                   Type           Power      Damage    Failure   Level
 Foxfire                  Conj/Fire      0%         2x1d4     83%         1
 Magic Dart               Conj           0%         1d3       83%         1
 Call Imp                 Summ           0%         N/A       92%         2
 Mephitic Cloud           Conj/Pois/Air  0%         N/A       99%         3


Dungeon Overview and Level Annotations

Branches:
Dungeon (4/15)
 Temple: D:4-7

Altars:
Vehumet

Annotations:
D:3 2 runed translucent doors, derath95's ghost, amateur DrEE


Innate Abilities, Weirdness & Mutations

You thrive by killing the living.
You are immune to poison.
You have sharp fingernails.
Your flesh is cold resistant. (rC+)
You are immune to negative energy. (rN+++)
You do not regenerate when monsters are visible.
You are immune to unholy pain and torment.


Message History

You are too injured to fight recklessly!
You are too injured to fight recklessly!
You are too injured to fight recklessly!
You block the phantom's attack. The scorpion stings you.
* * * LOW HITPOINT WARNING * * *
The scorpion stings you.
* * * LOW HITPOINT WARNING * * *
A giant cockroach comes into view.
As you read the scroll of teleportation, it crumbles to dust.
You feel strangely unstable.
The phantom hits you but does no damage.
The giant cockroach bites you but does no damage.
You barely miss the giant cockroach. The phantom closely misses you.
The giant cockroach bites you but does no damage.
You hit the giant cockroach.
The giant cockroach is poisoned.
The giant cockroach is severely wounded.
Your surroundings suddenly seem different.
A necrophage and a skeleton come into view.
Vehumet accepts your kill.
You feel a bit more experienced. The adder skeleton closely misses you.
The necrophage hits you.
* * * LOW HITPOINT WARNING * * *
You open the door.
The adder skeleton bites you but does no damage.
The necrophage hits you.
* * * LOW HITPOINT WARNING * * *
A hobgoblin and a skeleton come into view.
Found a grey potion.
You block the adder skeleton's attack.
There is an open door here.
The hobgoblin misses you.
As you read the scroll of teleportation, it crumbles to dust.
You feel strangely unstable. The hound skeleton bites you.
* * * LOW HITPOINT WARNING * * *
The adder skeleton closely misses you.
The hobgoblin hits you but does no damage.
You are confused.
You feel invigorated. The hound skeleton barely misses you.
The adder skeleton bites you but does no damage.
The hobgoblin hits you.
You die...

........## #.#
#######.## ##..
######..##....
#.............
...##......####
#.###..# ##.# #....
#..#
############....# #
#.## #Z@Zn..##....#
.####.#
......g.#...##....#
......#
..!.....##..#.....#
......#
####+#####..#.....#
...##### ...#.....#
.......#
...#.....##
###.##.##
#..#......##
#.##..#
#..#.##.#..#
##.....# ....
..#.##.##.##


You could see a necrophage, a hobgoblin, an adder skeleton and a hound skeleton.

Vanquished Creatures
  Terence (D:2)
  An orc wizard (D:3)
  2 hound skeletons
  2 gnolls (D:1)
  3 adders (D:2)
  2 dart slugs (D:1)
  6 orcs (D:3)
  8 ball pythons
  3 bats
  8 endoplasms
  3 giant cockroaches
  6 goblins
  6 hobgoblins
  4 jackals (D:3)
  4 kobolds
  4 frilled lizards
  4 rats
67 creatures vanquished.

Notes
Turn   | Place    | Note
-------+----------+-------------------------------------------
     0 | D:1      | HallandMoats the Ghoul Fighter began the quest for the Orb.
     0 | D:1      | Reached XP level 1. HP: 19/19 MP: 0/0
    63 | D:1      | Reached XP level 2. HP: 19/26 MP: 1/1
   200 | D:1      | Reached XP level 3. HP: 30/31 MP: 2/2
   281 | D:1      | Reached skill level 1 in Invocations
   681 | D:2      | Noticed Terence
   690 | D:2      | Killed Terence
   691 | D:2      | Reached XP level 4. HP: 19/40 MP: 3/3
   954 | D:2      | Reached skill level 1 in Dodging
  1146 | D:2      | Found a faded altar of an unknown god.
  1416 | D:2      | Prayed at the altar of an unknown god.
  1416 | D:2      | Became a worshipper of Vehumet
  1416 | D:2      | Reached * piety under Vehumet
  1416 | D:2      | Offered knowledge of Freeze by Vehumet.
  1723 | D:3      | Reached XP level 5. HP: 46/46 MP: 5/5
  2140 | D:3      | Reached skill level 4 in Fighting
  2267 | D:3      | Found a large runed translucent door.
  2267 | D:3      | Found a large runed translucent door.
  2271 | D:3      | Noticed derath95's ghost (amateur DrEE)
  2453 | D:4      | Offered knowledge of Foxfire by Vehumet.
  2458 | D:4      | Reached ** piety under Vehumet
  2564 | D:4      | Noticed a phantom
  2592 | D:4      | Noticed a necrophage
  2594 | D:4      | HP: 2/46 [necrophage (1)]
  2598 | D:4      | Slain by a hobgoblin

Illustrated notes

Levels and vault maps discovered:
D:1:      heliophobic_arrival_enchanted_forest, layout_basic, feat_on_display
D:2:      layout_loops_ring, chequers_ecumenical_altar_island, uniq_terence
D:3:      layout_basic, ebering_ghost_disaster_area
D:4:      minmay_chambers_of_twos, layout_rooms, roderic_batcave, st_stairs_14

Skill      XL: |  1  2  3  4  5 |
---------------+----------------+-----
Polearms       | 2 |  2.6
Shields        | 3 |  3.8
Invocations    | 1 |  1.6
Armour         | 3 |  3.1
Dodging        | 1 |  1.4
Fighting       | 4 |  4.0

Action                   |  1- 3 |  4- 6 || total
-------------------------+-------+-------++-------
Melee: Trident           |    75 |    71 ||   146
       Whip              |       |    66 ||    66
  Use: Potion            |     1 |     1 ||     2
       Scroll            |       |     8 ||     8
Armor: Scale mail        |    27 |    61 ||    88
Dodge: Dodged            |    28 |    58 ||    86
Block: Buckler           |    10 |    25 ||    35

Table legend: (Time is in decaauts)
 A = Elapsed time spent in this place.
 B = Non-inter-level travel time spent in this place.
 C = Inter-level travel time spent in this place.
 D = Time resting spent in this place.
 E = Time spent auto-exploring this place.
 F = Levels seen in this place.
 G = Mean time per level.
                   A        B        C        D        E       F      G
               +--------+--------+--------+--------+--------+-----+--------+
         Total |   2645 |   2563 |     82 |    127 |   1952 |   4 |  661.2 |
       Dungeon |   2645 |   2563 |     82 |    127 |   1952 |   4 |  661.2 |
               +--------+--------+--------+--------+--------+-----+--------+

Top non-repeatable levels by time:
     D:2: 1051 daAuts
     D:3: 760 daAuts
     D:1: 684 daAuts
     D:4: 148 daAuts
